 Dungeon Crawl Stone Soup version 0.21.1-1-g345015f (webtiles) character file.

8910 Mirai the Cleaver (level 11, 0/102 HPs)
             Began as a Hill Orc Fighter on Mar 7, 2018.
             Was an Elder of Okawaru.
             Succumbed to a killer bee's poison
             ... on level 11 of the Dungeon.
             The game lasted 00:35:47 (8134 turns).

Mirai the Cleaver (Hill Orc Fighter)                Turns: 8134, Time: 00:35:48

Health: 0/102      AC: 25    Str: 22 (24) XL:     11   Next: 38%
Magic:  0/14       EV:  8    Int:  6      God:    Okawaru [****..]
Gold:   112        SH:  8    Dex: 18 (20) Spells: 10/10 levels left

rFire    + . .     SeeInvis .   a - +1 war axe
rCold    + + .     Gourm    .   G - +2 buckler
rNeg     . . .     Faith    .   u - +9 chain mail "Qoyfotz" {rC+ rCorr Dex+3}
rPois    .         Spirit   +   t - +0 helmet
rElec    +         Reflect  .   C - +2 cloak {+Inv}
rCorr    +         Harm     .   (no gloves)
MR       .....                  (no boots)
Stlth    ..........             N - amulet of guardian spirit
HPRegen  0.27/turn              w - ring "Joec" {rElec rC+ Dex+6}
MPRegen  0.14/turn              x - +1 ring of protection

@: lethally poisoned (0 -> -1)
A: hooves 1, dopey 1, fire resistance 1, strong 1
a: Heroism, Renounce Religion, Evoke Invisibility


You were on level 11 of the Dungeon.
You worshipped Okawaru.
Okawaru was greatly pleased with you.
You were not hungry.

You visited 1 branch of the dungeon, and saw 12 of its levels.
You also visited: Ossuary.

You collected 495 gold pieces.
You spent 383 gold pieces at shops.

Inventory:

Hand Weapons
 a - a +1 war axe (weapon)
 H - a +3 morningstar
Armour
 c - a +0 shield
 r - a +0 large shield
 t - a +0 helmet (worn)
 u - the +9 chain mail "Qoyfotz" (worn) {rC+ rCorr Dex+3}
   (Okawaru gifted it to you on level 7 of the Dungeon)

   It affects your dexterity (+3).
   It protects you from cold.
   It protects you from acid and corrosion.
 z - the +7 plate armour "Vuifuroa" {rC+ Regen+ Int-4 Dex+6}
   (You found it on level 6 of the Dungeon)

   It affects your intelligence (-4).
   It affects your dexterity (+6).
   It protects you from cold.
   It increases your rate of regeneration.
 C - a +2 cloak of invisibility (worn)
 G - a +2 buckler (worn)
Jewellery
 d - an uncursed ring of see invisible
 w - the ring "Joec" (left hand) {rElec rC+ Dex+6}
   (You found it on level 7 of the Dungeon)

   [ring of dexterity]

   It affects your dexterity (+6).
   It protects you from cold.
   It insulates you from electricity.
 x - a +1 ring of protection (right hand)
 J - an uncursed amulet of faith
 N - an amulet of guardian spirit (around neck)
Wands
 b - a wand of iceblast (8)
 s - a wand of digging (14)
Scrolls
 h - 12 scrolls of identify
 i - 8 scrolls of teleportation
 k - 7 scrolls of remove curse
 o - 3 scrolls of magic mapping
 q - a scroll of enchant weapon
Potions
 g - 2 potions of brilliance
 l - a potion of haste {unknown}
 m - 3 potions of mutation
 n - 6 potions of curing
 p - a potion of might
 v - a potion of flight
 A - a potion of magic
 B - a potion of resistance
 D - 2 potions of agility
 L - 5 potions of heal wounds
Books
 e - a book of Frost

   Spells                             Type                      Level
   a - Freeze                         Ice                          1
   b - Throw Frost                    Conjuration/Ice              2
   c - Ozocubu's Armour               Charms/Ice                   3
   d - Throw Icicle                   Conjuration/Ice              4
   e - Summon Ice Beast               Ice/Summoning                4
 M - a book of Misfortune

   Spells                             Type                      Level
   a - Confusing Touch                Hexes                        1
   b - Confuse                        Hexes                        3
   c - Gell's Gravitas                Translocation                3
   d - Petrify                        Transmutation/Earth          4
   e - Metabolic Englaciation         Hexes/Ice                    5
   f - Yara's Violent Unravelling     Hexes/Transmutation          5
Comestibles
 f - 22 rations


   Skills:
 * Level 11.5 Fighting
 + Level 13.7 Axes
 + Level 8.0 Armour
 + Level 8.0 Shields
 * Level 4.8 Invocations


You had 10 spell levels left.
You didn't know any spells.

Dungeon Overview and Level Annotations

Branches:
Dungeon (12/15)            Temple (0/1) D:7
   Lair: D:8-11         Orc: D:9-12

Altars:
Ashenzari
Dithmenos
Gozag
Okawaru
Trog
Yredelemnul

Shops:
D:8 =!?!*

Annotations:
D:10 Joseph


Innate Abilities, Weirdness & Mutations

You have large cloven feet.
You are dopey. (Int -2)
Your flesh is heat resistant. (rF+)
Your muscles are strong. (Str +2)


Message History

You slash the killer bee!
You kill the killer bee!
Okawaru accepts your kill.
Your Armour skill increases to level 8!
You block the killer bee's attack.
The killer bee stings you but does no damage.
You closely miss the killer bee. You kick the killer bee.
The killer bee is almost dead.
You feel sick. You block the killer bee's attack. The killer bee stings you.
* * * LOW HITPOINT WARNING * * *
You slash the killer bee!
You kill the killer bee!
Okawaru accepts your kill.
You are struck by the porcupine's spines.
* * * LOW HITPOINT WARNING * * *
You slice the porcupine!!
You kill the porcupine!
Okawaru accepts your kill.
A killer bee comes into view.
You die...

#. ## #.# ... #
##.## ....
#.##...## .....
#.#.....##......
#.....!#%.......
#.....##....?P
##..y># P..P.
##@#.# ....
#.$#...


.Py #.##..P.P P. #( #....P.. . #. #....OPP #. ##...P.. #. P..PP. #. #. You could
see a killer bee (wandering).

Vanquished Creatures
  2 two-headed ogres
  Pikel (D:4)
  An ugly thing (D:11)
  A kobold demonologist (D:12)
  The ghost of bmj180 the Cutter, a novice HaFi (D:5)
  Grinder (D:4)
  3 hippogriffs (D:9)
  A wraith (D:12)
  A wyvern (D:12)
  4 hogs (D:7)
  A human (D:7)
  A hungry ghost (D:11)
  A porcupine (D:11)
  A water moccasin (D:10)
  2 slaves (D:4)
  An orc warrior (D:8)
  An ice beast (D:7)
  A sky beast (D:10)
  4 black bears
  2 phantoms
  2 ogres
  A necrophage (D:8)
  2 crocodiles (D:11)
  4 centaurs
  A big kobold (D:9)
  A bullfrog (D:9)
  3 water moccasin zombies (Ossuary)
  4 scorpions
  14 killer bees
  3 wights (D:10)
  3 howler monkeys
  3 crimson imps
  2 bullfrog zombies
  A quasit (D:9)
  3 hounds
  3 jellies
  4 orc priests
  4 bullfrog skeletons
  Crazy Yiuf (D:7)
  Jessica (D:2)
  4 orc wizards
  5 worker ants
  4 big kobold zombies (Ossuary)
  A hound zombie (D:6)
  2 mummies (Ossuary)
  A worker ant zombie (D:5)
  8 adders
  5 gnolls
  A shadow imp (D:8)
  An ooze (D:1)
  11 adder zombies
  2 adder skeletons (D:7)
  2 worms
  A dart slug (D:2)
  4 leopard geckos
  18 orcs
  2 ball pythons
  3 giant cockroaches
  A gnoll zombie (Ossuary)
  2 goblins
  4 hobgoblins
  7 jackals
  20 kobolds
  3 quokkas
  11 bats
  9 frilled lizards
  4 hobgoblin zombies (Ossuary)
  6 kobold zombies (Ossuary)
  4 orc zombies (Ossuary)
  A quokka skeleton (D:4)
  9 rats
  A spectral orc (D:7)
248 creatures vanquished.

Vanquished Creatures (others)
  A hound skeleton (D:4)
  20 fungi (D:11)
  6 plants (D:11)
27 creatures vanquished.

Grand Total: 275 creatures vanquished

Notes
Turn   | Place    | Note
-------+----------+-------------------------------------------
     0 | D:1      | Mirai the Hill Orc Fighter began the quest for the Orb.
     0 | D:1      | Reached XP level 1. HP: 19/19 MP: 1/1
    95 | D:1      | Reached XP level 2. HP: 20/27 MP: 2/2
   477 | D:1      | Reached skill level 3 in Axes
   697 | D:2      | Reached XP level 3. HP: 32/33 MP: 3/3
   904 | D:2      | Noticed Jessica
   922 | D:2      | Killed Jessica
   922 | D:2      | Reached XP level 4. HP: 30/41 MP: 4/4
  1570 | D:3      | Reached skill level 4 in Axes
  1595 | D:3      | Found a shattered altar of Ashenzari.
  1612 | D:3      | Found an iron altar of Okawaru.
  1631 | D:3      | Reached XP level 5. HP: 24/47 MP: 5/5
  1762 | D:3      | Became a worshipper of Warmaster Okawaru
  2172 | D:3      | Found an opulent altar of Gozag.
  2385 | D:4      | Noticed Pikel
  2385 | D:4      | Noticed a slave
  2385 | D:4      | Noticed a slave
  2385 | D:4      | Noticed a slave
  2425 | D:4      | Noticed a slave
  2444 | D:4      | Killed a slave
  2447 | D:4      | Killed Pikel
  2447 | D:4      | Reached * piety under Okawaru
  2447 | D:4      | Reached ** piety under Okawaru
  2447 | D:4      | Reached *** piety under Okawaru
  2447 | D:4      | Reached skill level 5 in Fighting
  2447 | D:4      | Reached skill level 6 in Axes
  2447 | D:4      | Reached skill level 5 in Armour
  2447 | D:4      | Reached skill level 5 in Shields
  2447 | D:4      | Reached XP level 6. HP: 5/57 MP: 6/6
  2447 | D:4      | Reached XP level 7. HP: 6/62 MP: 7/7
  2771 | D:4      | Noticed Grinder
  2779 | D:4      | Paralysed by Grinder for 2 turns
  2785 | D:4      | Paralysed by Grinder for 5 turns
  2791 | D:4      | Killed Grinder
  2791 | D:4      | Reached skill level 7 in Axes
  2791 | D:4      | Reached XP level 8. HP: 35/70 MP: 8/8
  3254 | D:5      | Entered Level 5 of the Dungeon
  3437 | D:5      | Found a bloodstained altar of Trog.
  3447 | D:5      | Noticed bmj180's ghost (novice HaFi)
  3460 | D:5      | Killed bmj180's ghost
  3460 | D:5      | Reached **** piety under Okawaru
  3460 | D:5      | Reached skill level 8 in Axes
  3843 | D:5      | Found a bloodstained altar of Trog.
  4200 | D:6      | Got a smelly plate armour
  4211 | D:6      | Identified the +7 plate armour "Vuifuroa" {rC+ Regen+ Int-4 Dex+6} (You found it on level 6 of the Dungeon)
  4678 | D:7      | Reached skill level 9 in Axes
  4688 | D:7      | Reached XP level 9. HP: 78/81 MP: 9/9
  4784 | D:7      | Found a staircase to the Ecumenical Temple.
  4830 | D:7      | Found a basalt altar of Yredelemnul.
  4866 | D:7      | Noticed a two-headed ogre
  4873 | D:7      | Killed a two-headed ogre
  4873 | D:7      | Reached ***** piety under Okawaru
  4873 | D:7      | Reached skill level 10 in Axes
  4917 | D:7      | Got a shimmering tin ring
  4918 | D:7      | Identified the ring "Joec" {rElec rC+ Dex+6} (You found it on level 7 of the Dungeon)
  5036 | D:7      | Reached skill level 11 in Axes
  5082 | D:7      | Received a gift from Okawaru
  5082 | D:7      | Reached XP level 10. HP: 79/91 MP: 10/10
  5092 | D:7      | Got an ancient chain mail {god gift}
  5119 | D:7      | Identified the +9 chain mail "Qoyfotz" {rC+ rCorr Dex+3} (Okawaru gifted it to you on level 7 of the Dungeon)
  5328 | D:7      | Found a shadowy altar of Dithmenos.
  5593 | D:7      | Found a runed door.
  5597 | D:7      | Noticed Crazy Yiuf
  5605 | D:7      | Killed Crazy Yiuf
  5754 | D:8      | Found a sand-covered staircase.
  5772 | Ossuary  | Entered an ossuary
  5806 | Ossuary  | Reached skill level 12 in Axes
  6019 | D:8      | Reached skill level 10 in Fighting
  6064 | D:8      | Found Lainumm's General Store.
  6219 | D:8      | Found Anaycs's Magic Scroll Boutique.
  6230 | D:8      | Found Mafoid's Distillery.
  6296 | D:8      | Bought a potion of heal wounds for 55 gold pieces
  6296 | D:8      | Bought a potion of heal wounds for 55 gold pieces
  6314 | D:8      | Reached skill level 1 in Invocations
  6326 | D:8      | Found Nill's Distillery.
  6348 | D:8      | Bought a potion of heal wounds for 65 gold pieces
  6348 | D:8      | Bought a potion of heal wounds for 65 gold pieces
  6348 | D:8      | Bought a potion of heal wounds for 65 gold pieces
  6348 | D:8      | Bought a potion of curing for 39 gold pieces
  6348 | D:8      | Bought a potion of curing for 39 gold pieces
  6501 | D:8      | Found an opulent altar of Gozag.
  6655 | D:8      | Found Wuplom's Jewellery Shop.
  7269 | D:9      | Reached skill level 13 in Axes
  7742 | D:9      | Gained mutation: Armour fits poorly on your strangely shaped body. [potion of mutation]
  7742 | D:9      | Gained mutation: You have large cloven feet. [potion of mutation]
  7778 | D:9      | Lost mutation: Armour fits poorly on your strangely shaped body. [potion of mutation]
  7778 | D:9      | Gained mutation: Your flesh is heat resistant. (rF+) [potion of mutation]
  7778 | D:9      | Lost intelligence.
  7778 | D:9      | Gained mutation: You are dopey. (Int -2) [potion of mutation]
  7778 | D:9      | Gained mutation: Your muscles are strong. (Str +2) [potion of mutation]
  7841 | D:10     | Entered Level 10 of the Dungeon
  7932 | D:10     | Reached XP level 11. HP: 101/101 MP: 13/13
  7982 | D:10     | Noticed Joseph
  7985 | D:10     | You fall through a shaft for 2 floors!
  8059 | D:11     | Noticed a brown ugly thing
  8074 | D:11     | Killed a brown ugly thing
  8096 | D:11     | Noticed a two-headed ogre
  8120 | D:11     | Killed a two-headed ogre
  8133 | D:11     | HP: 1/102 [porcupine's spines (9)]
  8134 | D:11     | Succumbed to a killer bee's poison

Skill      XL: |  1  2  3  4  5  6  7  8  9 10 11 |
---------------+----------------------------------+-----
Fighting       | 4 5 6 7 9 10 11 | 11.5
Axes           | 3 4 6 7 9 11 13 | 13.7
Shields        | 4 5 6 7 8 |  8.0
Armour         | 4 5 6 7 8 |  8.0
Invocations    | 3 4 |  4.8

Action                   |  1- 3 |  4- 6 |  7- 9 | 10-12 || total
-------------------------+-------+-------+-------+-------++-------
Melee: War axe           |   108 |   122 |   204 |   456 ||   890
       Kick              |       |       |       |    46 ||    46
Invok: Heroism           |       |       |     4 |     4 ||     8
  Use: Potion            |     1 |     3 |     1 |     9 ||    14
       Scroll            |       |       |     3 |     8 ||    11
  Eat: Chunk             |       |     5 |     9 |    10 ||    24
       Ration            |       |       |       |     1 ||     1
Armor: Scale mail        |    70 |    59 |       |       ||   129
       Plate armour      |       |    33 |   135 |   176 ||   344
       Chain mail        |       |       |       |    52 ||    52
Dodge: Dodged            |    30 |    34 |    39 |    89 ||   192
Block: Shield            |    73 |    80 |   113 |   120 ||   386
       Buckler           |       |       |       |   118 ||   118
